 Dungeon Crawl Stone Soup version 0.24-a0-160-gfa3a8d6 (webtiles) character file.

Game seed: 0

560542 Inarius the Cloud Mage (level 27, -7/166 HPs)
             Began as a Kobold Air Elementalist on Mar 3, 2019.
             Was the Champion of Vehumet.
             Mangled by an azure jelly (9 damage)
             ... created by the Royal Jelly
             ... on level 5 of the Pits of Slime on Mar 5, 2019.
             The game lasted 06:43:38 (100930 turns).

Inarius the Cloud Mage (Kobold Air Elementalist)  Turns: 100930, Time: 06:43:39

Health: -7/166     AC: 17    Str:  8    XL:     27
Magic:  4/44       EV: 21    Int: 44    God:    Vehumet [******]
Gold:   1283       SH: 16    Dex: 16    Spells: 21/60 levels left

rFire    + . .     SeeInvis .   V - +4 spear of the Shining Light {flame, Int+6}
rCold    + + .     Gourm    .   X - +3 warlock's mirror {reflect}
rNeg     + + +     Faith    .   S - +5 ring mail of the Ancient Yaks {+Fly rC+ Str-5 Int+9}
rPois    .         Spirit   .   T - +2 helmet {Int+3}
rElec    .         Reflect  +   N - scarf {rC+ rF+}
rCorr    +         Harm     .   J - +2 pair of gloves
MR       +++++                  K - +2 pair of boots of the Assassin {Detection Stab+ Stlth++}
Stlth    +++++.....             r - +6 amulet of reflection
HPRegen  0.37/turn              k - ring of Xatewy {rN+++ MR++ EV+2 Stlth-}
MPRegen  0.29/turn              G - ring "Imukupl Feept" {rCorr MR+ Str+5}

@: tornado, corroded, flying (expiring), very slightly contaminated
A: small, carnivore
}: 3/15 runes: barnacled, silver, gossamer
a: Renounce Religion


You were on level 5 of the Pits of Slime.
You worshipped Vehumet.
Vehumet was exalted by your worship.
You were hungry.

You visited 11 branches of the dungeon, and saw 53 of its levels.
You also visited: Sewer, Ossuary and Ice Cave.

You collected 8008 gold pieces.
You spent 6725 gold pieces at shops.

Inventory:

Hand Weapons
 Q - the +8 flail of Trauma {venom, rF+ rN+}
   (You found it on level 4 of the Shoals)

   It poisons the flesh of those it strikes.
   It protects you from fire.
   It protects you from negative energy.
 V - the +4 spear of the Shining Light (weapon) {flame, Int+6}
   (You took it off a deep elf sorcerer on level 3 of the Elven Halls)

   It has been specially enchanted to burn those struck by it, causing extra
   injury to most foes and up to half again as much damage against particularly
   susceptible opponents.
   It affects your intelligence (+6).
Armour
 J - a +2 pair of gloves (worn)
 K - the +2 pair of boots of the Assassin (worn) {Detection Stab+ Stlth++}
   (You bought it in a shop on level 15 of the Dungeon)

   It makes you much more stealthy.
 M - a +2 cloak of cold resistance
 N - a scarf of resistance (worn)
 S - the +5 ring mail of the Ancient Yaks (worn) {+Fly rC+ Str-5 Int+9}
   (You found it on level 1 of the Spider Nest)

   It affects your strength (-5).
   It affects your intelligence (+9).
   It protects you from cold.
   It lets you fly.
 T - a +2 helmet of intelligence (worn)
 X - the +3 warlock's mirror (worn) {reflect}
   (You found it on level 2 of the Spider Nest)
Magical Staves
 j - an uncursed staff of energy
Jewellery
 k - the ring of Xatewy (left hand) {rN+++ MR++ EV+2 Stlth-}
   (You bought it in a shop on level 12 of the Dungeon)

   [ring of evasion]

   It affects your evasion (+2).
   It renders you almost immune to negative energy.
   It affects your resistance to hostile enchantments.
   It makes you less stealthy.
 r - a +6 amulet of reflection (around neck)
 y - the ring "Kiraud" {rPois rC+ Dex+2}
   (You bought it in a shop on level 7 of the Dungeon)

   [ring of poison resistance]

   It affects your dexterity (+2).
   It protects you from cold.
   It protects you from poison.
 G - the ring "Imukupl Feept" (right hand) {rCorr MR+ Str+5}
   (You took it off a deep elf annihilator on level 3 of the Elven Halls)

   [ring of resist corrosion]

   It affects your strength (+5).
   It affects your resistance to hostile enchantments.
 P - an uncursed amulet of magic regeneration
 Y - the ring of a Hundred Wars {rF+ rC- Str+7 Int+4 SInv}
   (You took it off an orc on level 5 of the Vaults)

   [ring of intelligence]

   It affects your strength (+7).
   It affects your intelligence (+4).
   It protects you from fire.
   It makes you vulnerable to cold.
   It lets you see invisible.
Wands
 n - a wand of iceblast (10)
 p - a wand of scattershot (6)
 v - a wand of acid (33)
 B - a wand of disintegration (11)
 L - a wand of enslavement (20)
 O - a wand of paralysis (32)
 Z - a wand of digging (23)
Scrolls
 d - 9 scrolls of immolation
 i - 14 scrolls of teleportation
 o - 9 scrolls of blinking
 s - 9 scrolls of identify
 x - a scroll of summoning
 A - 7 scrolls of fog
 D - 3 scrolls of magic mapping
 F - 2 scrolls of enchant armour
 R - 17 scrolls of remove curse
 W - 5 scrolls of fear
Potions
 a - 4 potions of haste
 b - 17 potions of curing
 f - 5 potions of brilliance
 g - 8 potions of heal wounds
 h - 10 potions of ambrosia
 l - 7 potions of agility
 q - 2 potions of invisibility
 t - 13 potions of flight
 u - 3 potions of mutation
 w - 3 potions of cancellation
 z - 2 potions of magic
 C - 3 potions of resistance
 E - 9 potions of might
Miscellaneous
 e - a lightning rod (4/4)
 m - a crystal ball of energy
 U - 2 phantom mirrors
Comestibles
 c - 74 rations


   Skills:
 - Level 15.3 Fighting
   Level 7.0 Short Blades
   Level 2.2 Axes
 + Level 7.8 Armour
 + Level 11.4 Dodging
 * Level 9.7 Stealth
 + Level 9.2 Shields
 - Level 17.0 Spellcasting
 * Level 22.8 Conjurations
 + Level 0.7 Charms
 - Level 7.0 Summonings
 + Level 2.7 Necromancy
 + Level 25.2 Air Magic
 + Level 8.6 Evocations


You had 21 spell levels left.
You knew the following spells:

 Your Spells              Type           Power        Failure   Level  Hunger
a - Regeneration          Chrm/Necr      ######....   2%          3    None
b - Airstrike             Air            ########..   0%          4    None
c - Lightning Bolt        Conj/Air       ########..   0%          5    None
d - Orb of Destruction    Conj           ########..   1%          7    None
e - Spellforged Servitor  Conj/Summ      ########..   1%          7    None
f - Summon Lightning Spi  Summ/Air       ########     1%          4    None
g - Tornado               Air            ########..   1%          9    #####..

Your spell library contained the following spells:

 Spells                   Type           Power        Failure   Level  Hunger
 Lehudib's Crystal Spear  Conj/Erth      #######...   26%         8    ###....
 Ignition                 Fire           #####.....   100%        8    ###....
 Flame Tongue             Conj/Fire      #####        0%          1    None
 Shock                    Conj/Air       ####         0%          1    None
 Swiftness                Chrm/Air       ########     0%          2    None
 Throw Flame              Conj/Fire      ######       0%          2    None
 Throw Frost              Conj/Ice       ######       0%          2    None
 Static Discharge         Conj/Air       ########     0%          3    None
 Animate Skeleton         Necr           N/A          1%          1    None
 Apportation              Tloc           #####.       1%          1    None
 Beastly Appendage        Tmut           #####.       1%          1    None
 Confusing Touch          Hex            #####.       1%          1    None
 Corona                   Hex            #####..      1%          1    None
 Freeze                   Ice            ####         1%          1    None
 Infusion                 Chrm           ####         1%          1    None
 Sandblast                Erth           #####.       1%          1    None
 Summon Small Mammal      Summ           ####         1%          1    None
 Call Imp                 Summ           #######.     1%          2    None
 Corpse Rot               Necr           N/A          1%          2    None
 Song of Slaying          Chrm           #####...     1%          2    None
 Sublimation of Blood     Necr           ######....   1%          2    None
 Call Canine Familiar     Summ           #######.     1%          3    None
 Conjure Flame            Conj/Fire      #######.     1%          3    None
 Dazzling Spray           Conj/Hex       ######       1%          3    None
 Inner Flame              Hex/Fire       #####...     1%          3    None
 Recall                   Summ/Tloc      N/A          1%          3    None
 Stone Arrow              Conj/Erth      ######       1%          3    None
 Summon Guardian Golem    Hex/Summ       ######..     1%          3    None
 Sticky Flame             Conj/Fire      #######.     1%          4    None
 Throw Icicle             Conj/Ice       #######.     1%          4    None
 Bolt of Draining         Conj/Necr      #######...   1%          5    None
 Bolt of Magma            Conj/Fire/Erth #######...   1%          5    None
 Fireball                 Conj/Fire      #######...   1%          5    None
 Irradiate                Conj/Tmut      #######...   1%          5    None
 Iskenderun's Battlesphe  Conj/Chrm      #######.     1%          5    None
 Silence                  Hex/Air        #######...   1%          5    None
 Venom Bolt               Conj/Pois      #######...   1%          5    None
 Bolt of Cold             Conj/Ice       #######...   1%          6    None
 Freezing Cloud           Conj/Ice/Air   ########..   1%          6    None
 Iron Shot                Conj/Erth      #######...   1%          6    None
 Blink                    Tloc           N/A          2%          2    None
 Ensorcelled Hibernation  Hex/Ice        #####.       2%          2    None
 Passwall                 Tmut/Erth      #####...     2%          2    None
 Shroud of Golubria       Chrm/Tloc      #####.....   2%          2    None
 Slow                     Hex            #####...     2%          2    None
 Sticks to Snakes         Tmut           #####...     2%          2    None
 Summon Ice Beast         Ice/Summ       ######..     3%          4    None
 Confuse                  Hex            #####...     4%          3    None
 Gell's Gravitas          Tloc           #####.....   4%          3    None
 Lesser Beckoning         Tloc           #####.....   4%          3    None
 Ozocubu's Armour         Chrm/Ice       #####...     4%          3    None
 Spectral Weapon          Hex/Chrm       #####...     4%          3    None
 Spider Form              Tmut/Pois      #####.....   4%          3    None
 Teleport Other           Tloc           #####...     4%          3    None
 Tukima's Dance           Hex            #####...     4%          3    None
 Animate Dead             Necr           N/A          5%          4    None
 Summon Mana Viper        Hex/Summ       ######..     11%         5    None
 Lee's Rapid Deconstruct  Erth           #####.....   12%         5    None
 Yara's Violent Unravell  Hex/Tmut       #####.....   12%         5    None
 Agony                    Necr           ######..     14%         5    None
 Dispel Undead            Necr           ######..     14%         5    None
 Shadow Creatures         Summ           N/A          14%         6    None
 Ice Form                 Ice/Tmut       #####...     16%         4    None
 Passage of Golubria      Tloc           N/A          16%         4    None
 Petrify                  Tmut/Erth      #####...     16%         4    None
 Excruciating Wounds      Chrm/Necr      ######....   22%         5    None
 Borgnjor's Vile Clutch   Necr/Erth      #####.....   26%         5    None
 Blade Hands              Tmut           #####.....   41%         5    None
 Metabolic Englaciation   Hex/Ice        #####.....   41%         5    None
 Ozocubu's Refrigeration  Ice            #####.....   50%         6    None
 Monstrous Menagerie      Summ           #######...   61%         7    None
 Summon Greater Demon     Summ           #######...   61%         7    None
 Death Channel            Necr           ######....   63%         6    None
 Simulacrum               Ice/Necr       #####.....   82%         6    None
 Darkness                 Hex            #####.....   94%         6    None
 Hydra Form               Tmut           #####.....   94%         6    None
 Statue Form              Tmut/Erth      #####....    94%         6    None
 Malign Gateway           Summ/Tloc      ######....   97%         7    None
 Summon Horrible Things   Summ           #######...   99%         8    ###....
 Dragon Form              Tmut           #####.....   100%        7    None


Dungeon Overview and Level Annotations

Branches:
Dungeon (15/15)            Temple (1/1) D:4            Lair (6/6) D:8
 Shoals (4/4) Lair:2       Spider (4/4) Lair:4        Slime (5/5) Lair:6
    Orc (2/2) D:9             Elf (3/3) Orc:2        Vaults (5/5) D:14
  Crypt (3/3) Vaults:2       Tomb (0/3) Crypt:3      Depths (5/5) D:15
    Zot (0/5) Depths:5

Altars:
Ashenzari
Cheibriados
Dithmenos
Elyvilon
Fedhas
Gozag
Hepliaklqana
Kikubaaqudgha
Makhleb
Nemelex Xobeh
Qazlal
Ru
Sif Muna
Trog
Uskayaw
Vehumet
Wu Jian
Xom
Yredelemnul
Zin
The Shining One
Beogh

Shops:
D:6 (   D:7 :=![(   D:12 }[[=   D:15 [   Orc:2 :::[   Elf:1 (==   Elf:2 :
Elf:3 (   Shoals:1 *   Depths:3 (

Portals:
Hell: Depths:1 Depths:2 Depths:3 Depths:4 Depths:5
Abyss: Depths:2 Depths:4
Pandemonium: Depths:2 Depths:3
Ziggurat: Depths:5

Annotations:
Lair:6 1 runed translucent door, Calas's ghost, journeyman MiMo
Elf:1 1 runed translucent door, Peiz's ghost, veteran FoFi
Depths:1 1 runed translucent door, exclusion: orange crystal statue


Innate Abilities, Weirdness & Mutations

You are small and have problems with some larger weapons.
You are carnivorous and can eat meat at any time.


Message History

You feel much better.
You are splashed with acid!
You resist.
* * * LOW HITPOINT WARNING * * *
Unknown command.
Unknown command.
Unknown command.
Casting: Lightning Bolt (safe; 0% risk of failure)
Confirm with . or Enter, or press ? or * to list all spells.
A great vortex of raging winds appears and lifts you up.
You are splashed with acid!
You resist.
* * * LOW HITPOINT WARNING * * *
The acid blob spits acid at you.
The splash of acid hits you but does no damage.
You are splashed with acid!
You resist.
* * * LOW HITPOINT WARNING * * *
The azure jelly hits you.
* * * LOW HITPOINT WARNING * * *
The azure jelly freezes you! You resist.
* * * LOW HITPOINT WARNING * * *
You block the azure jelly's attack. The azure jelly hits you!
You die...

#######
##§§@§§#.
#.§JJJ§.....
###.§J§§§.....
#....§§.......
#..J{.J.......
##J.J..........
#..............
#..JJ..........
#..............


You could see an acid blob and 3 azure jellies.

Vanquished Creatures
  the Royal Jelly (Slime:5)
  Mara (Depths:1)
  An ancient lich (Crypt:3)
  A juggernaut (Depths:4)
  Bai Suzhen (Spider:4)
  Xtahua (Crypt:1)
  A caustic shrike (Depths:4)
  3 golden dragons
  Arachne (Spider:3)
  5 liches
  A tentacled monstrosity (Vaults:5)
  An Ice Fiend (IceCv)
  Asterion (Spider:3)
  A titan (Vaults:5)
  A deep elf master archer (Elf:3)
  2 quicksilver dragons (Vaults:5)
  20 acid blobs
  3 sphinxes
  Polyphemus (Shoals:2)
  Roxanne (D:15)
  A shadow dragon (Elf:1)
  Kirke (Spider:3)
  A revenant (Crypt:2)
  5 storm dragons
  5 tengu reavers
  3 ghost moths
  Ilsuiw (Shoals:2)
  7 fire giants
  8 azure jellies
  8 frost giants
  An iron dragon (Elf:1)
  An angel (Depths:5)
  7 emperor scorpions
  An orc warlord (Vaults:4)
  5 deep elf sorcerers
  19 vault wardens
  2 curse skulls
  A ghoul (Crypt:1)
  4 draconian stormcallers (Depths:5)
  A spriggan defender (Depths:4)
  5 war gargoyles
  A draconian annihilator (Depths:5)
  4 deep elf elementalists (Elf:3)
  12 ironheart preservers
  3 entropy weavers
  15 stone giants
  8 deep elf demonologists
  4 vampire knights
  10 very ugly things
  A green draconian (Depths:5)
  A purple draconian (Depths:5)
  Azrael (Orc:2)
  6 deep elf annihilators
  6 spark wasps
  A black draconian (Depths:5)
  10 ettins
  5 deep elf death magi
  A merfolk javelineer (Shoals:4)
  3 crystal guardians (Crypt:3)
  Josephine (Orc:2)
  Snorg (D:12)
  8 death oozes
  8 merfolk impalers
  6 fire dragons
  14 yaktaur captains
  4 deep elf high priests
  3 jiangshi (Crypt:1)
  Harold (D:8)
  31 vault guards
  A hydra (Lair:5)
  9 ice dragons
  A hell beast (Depths:2)
  5 spriggan air magi
  3 rakshasas
  10 great orbs of eyes
  30 two-headed ogres
  A quicksilver dragon skeleton (Crypt:3)
  2 catoblepae
  2 merfolk avatars (Shoals:4)
  12 ogre magi
  5 deep troll shamans
  31 dancing weapons
  2 death knights
  An alligator snapping turtle (Shoals:4)
  10 centaur warriors
  8 deep troll earth magi
  4 satyrs
  A titan zombie (Crypt:3)
  9 death yaks
  4 vampire magi
  5 orc high priests
  5 tengu warriors
  8 death scarabs (Spider:4)
  A spriggan berserker (Depths:3)
  A soul eater (Depths:2)
  A fire crab (Lair:6)
  A storm dragon zombie (Crypt:3)
  12 deep elf knights
  A sixfirhy (Depths:2)
  22 skeletal warriors
  A shadow wraith (Crypt:2)
  14 hell knights
  A ghost moth zombie (Crypt:2)
  14 deep trolls
  An unseen horror (shapeshifter) (Vaults:5)
  A spectral emperor scorpion (Spider:4)
  A glowing orange brain (shapeshifter) (Vaults:5)
  2 iron trolls
  A sea snake (shapeshifter) (Vaults:5)
  2 unseen horrors
  An anaconda zombie (Crypt:2)
  3 flayed ghosts
  A shadow dragon zombie (Vaults:3)
  2 spectral wolf spiders (Spider:4)
  3 wizards
  15 deep elf archers
  2 glowing orange brains
  Pikel (D:8)
  A golden dragon skeleton (Crypt:3)
  A harpy (shapeshifter) (Vaults:3)
  13 orc knights
  8 sea snakes
  10 necromancers
  A wolf spider zombie (Crypt:1)
  8 phantasmal warriors
  5 orb spiders
  12 harpies
  13 ironbrand convokers
  23 wolf spiders
  A cyclops (shapeshifter) (Depths:2)
  6 cyclopes
  13 fauns
  4 shining eyes
  An oklob plant (Lair:1)
  13 manticores
  A manticore (shapeshifter) (D:15)
  2 moths of wrath (shapeshifter)
  4 orc sorcerers
  38 deep elf magi
  11 ugly things
  2 moths of wrath
  Joseph (D:9)
  A fire giant skeleton (Vaults:5)
  A stone giant skeleton (Crypt:3)
  A rust devil (Depths:3)
  10 merfolk sirens
  10 water nymphs
  Maurice (D:8)
  5 black mambas (Lair:6)
  An ice statue (IceCv)
  4 elephants (Lair:3)
  6 vault sentinels
  2 eyes of devastation
  2 molten gargoyles (Lair:6)
  5 centaur skeletons
  A hellion (Depths:3)
  2 gargoyles
  13 spiny frogs
  2 spectral redbacks (Spider:4)
  2 human zombies (Vaults:1)
  3 rime drakes
  An orc skeleton (Vaults:2)
  11 freezing wraiths
  A redback zombie (D:14)
  3 kobold demonologists
  27 yaktaurs
  An efreet (D:9)
  13 demonic crawlers
  A komodo dragon (shapeshifter) (Vaults:2)
  A hydra zombie (Crypt:1)
  A golden dragon simulacrum (IceCv)
  A purple draconian zombie (Crypt:2)
  5 anaconda simulacra (IceCv)
  2 yaktaur skeletons
  5 ice devils
  18 jumping spiders
  11 komodo dragons
  19 merfolk
  A hellwing (Depths:2)
  A grey draconian skeleton (Crypt:1)
  A queen bee (shapeshifter) (Depths:2)
  8 trolls
  6 meliai
  Grinder (Sewer)
  A red devil (Depths:3)
  A hornet (shapeshifter) (Vaults:4)
  2 spectral jumping spiders (Spider:4)
  3 jumping spider zombies (Spider:4)
  3 wind drakes
  An ettin zombie (Vaults:5)
  10 hornets
  A polar bear (Lair:6)
  8 blink frogs
  2 spectral tarantellas (Spider:4)
  51 slime creatures
  14 snapping turtles
  A dream sheep (shapeshifter) (Vaults:3)
  A tarantella zombie (Spider:4)
  5 dream sheep
  16 hippogriffs
  2 fire dragon zombies (Crypt:3)
  A blink frog (shapeshifter) (Depths:4)
  2 ice dragon zombies
  3 meliai zombies
  3 shadows
  2 air elementals
  2 ettin skeletons (Vaults:2)
  12 wraiths
  A black mamba zombie (Crypt:2)
  A redback (shapeshifter) (Vaults:5)
  65 redbacks
  A tarantella (shapeshifter) (Vaults:5)
  10 water elementals
  6 wyverns
  A spriggan (Depths:4)
  34 flying skulls (Crypt:3)
  A spriggan (shapeshifter) (Vaults:4)
  19 tarantellas
  Eustachio (D:5)
  7 fire elementals
  An ice dragon skeleton (Crypt:2)
  A dire elephant simulacrum (IceCv)
  3 golden eyes (Slime:4)
  39 yaks
  4 hogs (Spider:3)
  2 steam dragons
  5 humans
  6 basilisks
  3 hungry ghosts
  A human simulacrum (Vaults:1)
  A chaos spawn (Depths:3)
  4 vampire mosquitoes (D:14)
  2 insubstantial wisps (D:9)
  2 swamp worms (shapeshifter)
  2 iron troll simulacra (IceCv)
  5 wargs
  3 human skeletons
  4 acid dragons
  5 harpy simulacra (IceCv)
  8 water moccasins
  A hydra simulacrum (IceCv)
  7 porcupines
  6 hell hounds
  2 spectral hornets (Spider:4)
  3 hornet zombies (Spider:4)
  3 slaves (D:8)
  2 ice beasts
  10 sky beasts
  41 orc warriors
  2 ettin simulacra (IceCv)
  3 eyes of draining
  2 spiny frog skeletons
  44 ogres
  A black bear (D:9)
  4 necrophages
  A phantom (D:5)
  A boggart (Depths:3)
  17 centaurs
  5 crocodiles
  6 big kobolds
  16 bullfrogs
  A wyvern zombie (D:14)
  3 earth elementals
  A wyvern skeleton (D:12)
  7 scorpions
  A swamp dragon simulacrum (IceCv)
  25 killer bees
  A polar bear zombie (Crypt:1)
  13 wights
  6 howler monkeys
  9 crimson imps
  17 jellies
  A draconian simulacrum (IceCv)
  A wolf zombie (Crypt:1)
  2 bullfrog zombies (D:6)
  5 lava snakes (Lair:6)
  3 quasits
  9 hounds
  40 orc priests
  A bullfrog skeleton (D:6)
  6 iguanas
  37 orc wizards
  7 hell rats (Lair:5)
  11 worker ants
  6 spriggan simulacra
  2 killer bee zombies
  A porcupine skeleton (Crypt:1)
  An acid dragon skeleton (Crypt:2)
  A deep dwarf skeleton (Crypt:2)
  A hound zombie (D:8)
  A hound skeleton (D:11)
  8 mummies (Ossuary)
  2 worker ant zombies
  7 gnolls
  A howler monkey skeleton (D:3)
  10 adders
  2 naga simulacra (IceCv)
  3 ogre simulacra (IceCv)
  A river rat (D:5)
  5 shadow imps
  4 white imps (IceCv)
  9 ufetubi
  17 oozes
  2 adder zombies
  An adder skeleton (D:7)
  3 worms
  2 dart slugs (D:1)
  8 leopard geckos
  82 orcs
  17 giant cockroaches
  2 gnoll zombies (Ossuary)
  11 goblins
  7 hobgoblins
  13 jackals
  3 quokkas
  3 ball pythons
  10 bats
  6 frilled lizards
  2 hobgoblin zombies (Ossuary)
  A jackal skeleton (D:4)
  A jackal zombie (D:7)
  51 kobolds
  4 kobold zombies
  2 orc zombies (Ossuary)
  9 rats
  A crawling corpse (Elf:3)
  5 fungi
  4 plants
  2 tentacles (Shoals:1)
2094 creatures vanquished.

Vanquished Creatures (collateral kills)
  Mennas (Depths:3)
  A caustic shrike (Depths:2)
  Margery (Crypt:1)
  A bone dragon (Crypt:3)
  The ghost of Wahll the Peltast, an adept MiBe of Trog (Vaults:3)
  2 liches
  2 tentacled monstrosities (Depths:4)
  A quicksilver dragon (Vaults:5)
  A deep elf master archer (Elf:3)
  3 deep elf blademasters
  2 krakens
  A sphinx (Depths:2)
  A revenant (Crypt:1)
  An azure jelly (Slime:4)
  3 frost giants
  An orc warlord (Vaults:4)
  An iron dragon (Depths:4)
  2 vault wardens
  An emperor scorpion (Spider:4)
  A reaper (Crypt:1)
  2 deep elf elementalists (Elf:3)
  2 ironheart preservers
  A spriggan defender (Depths:2)
  2 vampire knights
  3 very ugly things
  2 stone giants
  2 entropy weavers
  2 deep elf annihilators (Elf:3)
  A red draconian (Depths:5)
  A spark wasp (Depths:5)
  2 ettins
  3 merfolk javelineers
  2 fire dragons
  6 jiangshi (Crypt:1)
  3 deep elf death magi
  A deep elf high priest (Elf:3)
  4 great orbs of eyes
  8 merfolk impalers
  4 ice dragons
  6 yaktaur captains
  A hydra (D:15)
  4 vault guards
  3 rakshasas
  A hell beast (Depths:3)
  A spriggan air mage (Depths:2)
  A death knight (Crypt:2)
  An anaconda (shapeshifter) (Vaults:3)
  A tengu warrior (D:14)
  2 ogre magi
  2 satyrs (Shoals:4)
  A two-headed ogre (shapeshifter) (Depths:3)
  A dancing weapon (Elf:2)
  A vampire mage (Crypt:1)
  8 two-headed ogres
  A death yak (Shoals:2)
  An orc high priest (Elf:1)
  4 deep troll shamans
  8 deep elf knights
  2 deep troll earth magi
  A shadow wraith (Crypt:2)
  A spriggan (Depths:4)
  3 iron trolls
  2 sixfirhies (Depths:3)
  15 skeletal warriors
  5 hell knights
  An anaconda zombie (Crypt:3)
  3 sea snakes
  A sea snake (shapeshifter) (Depths:4)
  11 deep trolls
  A wizard (Vaults:3)
  4 deep elf archers
  A harpy (Shoals:3)
  A phantasmal warrior (Crypt:2)
  6 orc knights
  A tengu zombie (Vaults:5)
  3 necromancers
  6 orb spiders
  A wolf spider zombie (D:15)
  5 wolf spiders
  8 ugly things
  2 fauns
  A tengu skeleton (Vaults:2)
  A manticore (Shoals:3)
  18 deep elf magi
  2 cyclopes
  A moth of wrath (Spider:4)
  2 merfolk sirens
  A rust devil (Depths:3)
  A water nymph (Shoals:2)
  2 frost giant skeletons
  9 vault sentinels
  A centaur skeleton (D:13)
  A spectral redback (Spider:4)
  A black draconian zombie (Crypt:1)
  11 yaktaurs
  2 demonic crawlers
  3 freezing wraiths
  A yaktaur skeleton (Vaults:2)
  5 merfolk
  3 ice devils (IceCv)
  A purple draconian skeleton (Crypt:1)
  13 jumping spiders
  A troll (D:15)
  A spectral tarantella (Spider:4)
  A hornet (Depths:4)
  A tyrant leech (shapeshifter) (Vaults:5)
  4 slime creatures
  A jumping spider zombie (Spider:4)
  5 snapping turtles
  A hippogriff (D:15)
  2 dream sheep
  A frost giant simulacrum (Vaults:3)
  8 tarantellas
  A redback (shapeshifter) (Vaults:4)
  29 redbacks
  A shadow (Crypt:2)
  An ettin skeleton (Vaults:2)
  2 wraiths (Crypt:1)
  A fire elemental (Elf:1)
  14 water elementals
  A steam dragon (shapeshifter) (Vaults:5)
  A human (D:14)
  A human simulacrum (Vaults:1)
  A warg (Elf:1)
  An iron troll simulacrum (IceCv)
  A hydra simulacrum (IceCv)
  A soldier ant (shapeshifter) (Vaults:1)
  15 orc warriors
  9 ogres
  2 boggarts (Depths:3)
  7 centaurs
  3 necrophages (Crypt:3)
  A hog skeleton (Crypt:2)
  2 big kobolds
  4 human skeletons
  An elf skeleton (Crypt:2)
  2 bullfrog zombies (D:12)
  A crimson imp (D:12)
  A draconian simulacrum (IceCv)
  A hound (D:12)
  2 jellies (Slime:2)
  3 orc priests
  A demonspawn skeleton (Crypt:1)
  2 orc wizards
  A white imp (IceCv)
  An ufetubus (IceCv)
  21 orcs
  A kobold (D:14)
  A crawling corpse (Elf:3)
455 creatures vanquished.

Vanquished Creatures (others)
  A stone giant (Depths:2)
  2 merfolk javelineers
  A vault guard (D:14)
  4 yaktaur captains
  A deep elf knight (Elf:1)
  A deep elf archer (Elf:2)
  A necromancer (Vaults:3)
  A deep elf mage (Elf:2)
  A cyclops (Vaults:2)
  2 fauns
  8 yaktaurs
  A centaur (Shoals:4)
  15 fungi
  17 plants
  24 tentacles
80 creatures vanquished.

Grand Total: 2629 creatures vanquished

Notes
Turn   | Place    | Note
-------+----------+-------------------------------------------
     0 | D:1      | Inarius the Kobold Air Elementalist began the quest for the
                  | Orb.
     0 | D:1      | Reached XP level 1. HP: 10/10 MP: 3/3
   215 | D:1      | Reached XP level 2. HP: 9/15 MP: 1/5
   417 | D:1      | Reached XP level 3. HP: 17/19 MP: 0/6
  1128 | D:2      | Reached skill level 4 in Air Magic
  1318 | D:2      | Reached XP level 4. HP: 23/24 MP: 4/7
  1349 | D:2      | Reached skill level 1 in Short Blades
  1354 | D:2      | Found a glowing silver altar of Zin.
  1398 | D:2      | Learned a level 4 spell: Airstrike
  2218 | D:3      | Found a snail-covered altar of Cheibriados.
  2547 | D:3      | Reached XP level 5. HP: 22/28 MP: 9/9
  3640 | D:4      | Learned a level 5 spell: Lightning Bolt
  3653 | D:4      | Reached XP level 6. HP: 33/33 MP: 4/10
  3967 | D:4      | Noticed an orc warrior
  4165 | D:4      | Found a staircase to the Ecumenical Temple.
  4215 | Temple   | Entered the Ecumenical Temple
  4343 | Temple   | Became a worshipper of Vehumet
  4555 | D:4      | Reached XP level 7. HP: 34/37 MP: 7/12
  4659 | D:5      | Entered Level 5 of the Dungeon
  4692 | D:5      | Noticed Eustachio
  4780 | D:5      | Killed Eustachio
  4780 | D:5      | Reached skill level 1 in Armour
  4908 | D:5      | Reached skill level 1 in Fighting
  5019 | D:5      | Found a glowing drain.
  5023 | Sewer    | Entered a sewer
  5030 | Sewer    | Reached * piety under Vehumet
  5030 | Sewer    | Offered knowledge of Magic Dart by Vehumet.
  5053 | Sewer    | Reached XP level 8. HP: 43/43 MP: 9/14
  5237 | Sewer    | Found a burning altar of Makhleb.
  5254 | Sewer    | Reached skill level 5 in Air Magic
  5374 | Sewer    | Reached ** piety under Vehumet
  5384 | Sewer    | Offered knowledge of Throw Frost by Vehumet.
  5430 | Sewer    | Noticed Grinder
  5464 | Sewer    | Killed Grinder
  5514 | Sewer    | Reached skill level 5 in Conjurations
  5781 | D:5      | Found a hazy altar of Hepliaklqana.
  5798 | D:5      | Reached skill level 5 in Spellcasting
  6563 | D:6      | Reached XP level 9. HP: 22/47 MP: 7/16
  6713 | D:6      | Found a white marble altar of Elyvilon.
  7102 | D:6      | Found a sand-covered staircase.
  7107 | Ossuary  | Entered an ossuary
  7154 | Ossuary  | Offered knowledge of Searing Ray by Vehumet.
  7323 | Ossuary  | Reached *** piety under Vehumet
  7611 | D:6      | Reached skill level 6 in Air Magic
  7783 | D:6      | Found Rocudel's Weapon Shoppe.
  7822 | D:6      | Offered knowledge of Conjure Flame by Vehumet.
  8148 | D:6      | Reached skill level 1 in Evocations
  8312 | D:7      | Found Jiololy's Antique Armour Shop.
  8333 | D:7      | Noticed a hippogriff
  8340 | D:7      | Killed a hippogriff
  8489 | D:7      | Bought a runed cloak for 217 gold pieces
  8489 | D:7      | Bought a pair of boots for 130 gold pieces
  8512 | D:7      | Found Enluel's Distillery.
  8512 | D:7      | Noticed a hippogriff
  8516 | D:7      | Killed a hippogriff
  8574 | D:7      | Found Rujovan's Jewellery Shoppe.
  8797 | D:7      | Reached XP level 10. HP: 48/53 MP: 11/19
  8804 | D:7      | Reached skill level 7 in Air Magic
  9028 | D:7      | Got a thick robe
  9039 | D:7      | Identified the +2 robe of Xacw {rPois Regen+} (You found it
                  | on level 7 of the Dungeon)
  9302 | D:7      | Found Yluatep's Book Emporium.
  9474 | D:7      | Found Eddugaq's Weapon Shop.
  9794 | D:8      | Noticed Maurice
  9809 | D:8      | Killed Maurice
  9809 | D:8      | Reached skill level 8 in Air Magic
 10081 | D:8      | Reached **** piety under Vehumet
 10569 | D:8      | Noticed Harold
 10994 | D:8      | Found a staircase to the Lair.
 11428 | D:8      | Noticed Pikel
 11500 | D:8      | Reached skill level 9 in Air Magic
 11609 | D:8      | Killed Pikel
 11684 | D:8      | Killed Harold
 11684 | D:8      | Reached skill level 5 in Dodging
 11684 | D:8      | Reached XP level 11. HP: 41/58 MP: 4/20
 12004 | D:7      | Bought an uncursed amulet of magic regeneration for 330
                  | gold pieces
 12169 | D:9      | Found a sacrificial altar of Ru.
 12170 | D:9      | Found a blossoming altar of Fedhas.
 12296 | D:9      | Offered knowledge of Stone Arrow by Vehumet.
 12414 | D:9      | Reached skill level 5 in Stealth
 12648 | D:9      | Reached skill level 10 in Air Magic
 13214 | D:9      | Found a staircase to the Orcish Mines.
 13246 | D:9      | Noticed Joseph
 13255 | D:9      | Killed Joseph
 13514 | D:10     | Entered Level 10 of the Dungeon
 13618 | D:10     | Identified the +6 dagger "Net Sawagu" {distort, rPois MR+
                  | Str-5 Int+4}
 14043 | D:10     | Reached ***** piety under Vehumet
 14044 | D:10     | Offered knowledge of Sticky Flame by Vehumet.
 14169 | D:11     | Reached XP level 12. HP: 64/64 MP: 4/23
 14327 | D:11     | Noticed a tengu warrior
 14412 | D:10     | Killed a tengu warrior
 14585 | D:11     | You fall through a shaft for 3 floors!
 14660 | D:14     | Reached skill level 5 in Short Blades
 14660 | D:14     | Reached skill level 10 in Conjurations
 14687 | D:13     | Noticed a centaur warrior
 14709 | D:14     | Reached skill level 11 in Air Magic
 14923 | D:14     | Killed a vault guard
 14956 | D:13     | Killed a centaur warrior
 15121 | D:13     | Noticed a two-headed ogre
 15126 | D:13     | Killed a two-headed ogre
 15366 | D:13     | Noticed a catoblepas
 15388 | D:13     | Killed a catoblepas
 15630 | D:13     | Offered knowledge of Orb of Destruction by Vehumet.
 15639 | D:13     | Learned a level 7 spell: Orb of Destruction
 15652 | D:13     | Reached XP level 13. HP: 68/68 MP: 6/26
 15938 | D:11     | Reached skill level 1 in Shields
 16452 | D:12     | Found Xuaxte's Jewellery Shop.
 16453 | D:12     | Noticed Snorg
 16461 | D:12     | Killed Snorg
 16461 | D:12     | Noticed a centaur warrior
 16497 | D:12     | Killed a centaur warrior
 16497 | D:12     | Reached skill level 10 in Spellcasting
 16497 | D:12     | Reached skill level 12 in Air Magic
 16595 | D:12     | Found Uguffekk's Armour Emporium.
 16596 | D:12     | Found Keirphij's Antique Armour Emporium.
 16736 | D:12     | Bought a scarf of repulsion for 132 gold pieces
 16741 | D:12     | Bought a jewelled buckler for 228 gold pieces
 16751 | D:12     | Identified the -6 buckler "Lawnian" {*Corrode rC+ Regen+}
                  | (You bought it in a shop on level 12 of the Dungeon)
 17161 | Lair:1   | Entered Level 1 of the Lair of Beasts
 18011 | Lair:2   | Found a staircase to the Shoals.
 18472 | Lair:2   | You fall through a shaft!
 18549 | Lair:3   | Reached skill level 5 in Evocations
 18595 | Lair:3   | Offered knowledge of Iskenderun's Battlesphere by Vehumet.
 18685 | Lair:3   | Found the +8 autumn katana {slice, Clar}
 19127 | Lair:3   | Reached XP level 14. HP: 74/74 MP: 17/28
 19897 | Lair:4   | Reached skill level 13 in Air Magic
 20284 | Lair:4   | Found a hole to the Spider Nest.
 21571 | Lair:6   | Entered Level 6 of the Lair of Beasts
 21957 | Lair:6   | Found a runed translucent door.
 21957 | Lair:6   | Found a shimmering altar of Xom.
 21957 | Lair:6   | Noticed Calas's ghost (journeyman MiMo)
 22105 | Lair:6   | Offered knowledge of Spellforged Servitor by Vehumet.
 22123 | Lair:6   | Learned a level 7 spell: Spellforged Servitor
 22268 | Lair:6   | Found a staircase to the Slime Pits.
 22616 | Lair:6   | Reached skill level 14 in Air Magic
 23043 | Lair:6   | Reached XP level 15. HP: 71/78 MP: 7/30
 23660 | Lair:6   | Found a large runed translucent door.
 23660 | Lair:6   | Found a large runed translucent door.
 24136 | Orc:1    | Entered Level 1 of the Orcish Mines
 24565 | D:12     | Bought the ring of Xatewy {rN+++ MR++ EV+2 Stlth-} for 630
                  | gold pieces
 25033 | Orc:2    | Entered Level 2 of the Orcish Mines
 25033 | Orc:2    | Found a staircase to the Elven Halls.
 25034 | Orc:2    | Noticed Azrael
 25216 | Orc:2    | Killed Azrael
 25520 | Orc:2    | Offered knowledge of Conjure Ball Lightning by Vehumet.
 26082 | Orc:2    | Reached skill level 15 in Air Magic
 26160 | Orc:2    | Noticed Josephine
 26166 | Orc:2    | Killed Josephine
 26266 | Orc:2    | Found Rekuez's Book Emporium.
 26267 | Orc:2    | Found Yddont Hamel's Book Shoppe.
 26268 | Orc:2    | Found Ycosijul's Book Shoppe.
 26291 | Orc:2    | Found Cine's Antique Armour Emporium.
 26400 | Orc:2    | Found a roughly hewn altar of Beogh.
 26944 | Orc:2    | Bought a book of Callings for 390 gold pieces
 26949 | Orc:2    | Learned a level 4 spell: Summon Lightning Spire
 27063 | Orc:1    | Found a bloodstained altar of Trog.
 27240 | D:12     | Bought a scarf of resistance for 352 gold pieces
 27530 | D:12     | Found Amowuso's Gadget Shop.
 28284 | D:14     | Reached ****** piety under Vehumet
 28285 | D:14     | Offered knowledge of Poison Arrow by Vehumet.
 28446 | D:14     | Identified a scroll of acquirement
 28557 | D:14     | Found an opulent altar of Gozag.
 28579 | D:14     | Reached XP level 16. HP: 84/84 MP: 18/31
 29006 | D:14     | Found a gate to the Vaults.
 29387 | D:15     | Entered Level 15 of the Dungeon
 29649 | D:15     | Found a blossoming altar of Fedhas.
 29655 | D:15     | Found Urhe's Antique Armour Emporium.
 30094 | D:14     | Reached skill level 1 in Summonings
 30210 | D:15     | Reached skill level 16 in Air Magic
 30596 | D:15     | Identified Roxanne's Collected Works on Transmutation
 30596 | D:15     | Noticed Roxanne
 30896 | Spider:1 | Entered Level 1 of the Spider Nest
 31574 | Spider:1 | Identified the +5 ring mail of the Ancient Yaks {+Fly rC+
                  | Str-5 Int+9} (You found it on level 1 of the Spider Nest)
 32228 | Spider:2 | Offered knowledge of Bolt of Fire by Vehumet.
 33187 | Spider:2 | Found the +3 warlock's mirror {reflect}
 33398 | Spider:2 | Reached XP level 17. HP: 43/88 MP: 13/33
 34140 | Spider:3 | Offered knowledge of Lehudib's Crystal Spear by Vehumet.
 34140 | Spider:3 | Offered knowledge of Tornado by Vehumet.
 34140 | Spider:3 | Offered knowledge of Ignition by Vehumet.
 34162 | Spider:3 | Reached skill level 15 in Conjurations
 34172 | Spider:3 | Noticed Asterion
 34218 | Spider:3 | Noticed Arachne
 34225 | Spider:3 | Killed Arachne
 34230 | Spider:3 | Noticed Kirke
 34296 | Spider:3 | Killed Kirke
 34562 | Spider:3 | Upgraded the game from 0.24-a0-139-geb6712d to
                  | 0.24-a0-140-gcaa6c10
 34570 | Spider:3 | Killed Asterion
 34570 | Spider:3 | Reached skill level 17 in Air Magic
 35514 | Shoals:1 | Entered Level 1 of the Shoals
 35588 | Shoals:1 | Found Ulonis's General Store.
 36243 | Shoals:1 | Noticed a kraken
 36260 | Shoals:1 | Killed a kraken
 36821 | Shoals:1 | Learned a level 9 spell: Tornado
 37110 | Shoals:2 | Noticed Ilsuiw
 37239 | Shoals:2 | Noticed Polyphemus
 37531 | Shoals:2 | Killed Polyphemus
 37744 | Shoals:2 | Reached XP level 18. HP: 93/94 MP: 18/34
 37751 | Shoals:2 | Killed Ilsuiw
 37977 | Shoals:2 | Noticed a kraken
 37981 | Shoals:2 | Killed a kraken
 37981 | Shoals:2 | Reached skill level 5 in Shields
 39474 | D:12     | Bought a +6 amulet of reflection for 819 gold pieces
 40748 | Shoals:4 | Entered Level 4 of the Shoals
 42949 | Shoals:4 | Reached skill level 5 in Summonings
 43118 | Shoals:4 | Identified the Compendium of Ashen Cold
 43205 | Shoals:4 | Reached skill level 18 in Air Magic
 43975 | Shoals:4 | Reached XP level 19. HP: 92/98 MP: 30/36
 44478 | Shoals:4 | Identified the +8 flail of Trauma {venom, rF+ rN+} (You
                  | found it on level 4 of the Shoals)
 44550 | Shoals:4 | Identified the +11 hand axe of Responsibility {chop, Int+4}
                  | (You found it on level 4 of the Shoals)
 44597 | Shoals:2 | Identified the cursed +1 mace of Tomorrow {vamp, Str+6}
                  | (You found it on level 2 of the Shoals)
 44728 | Shoals:4 | Got a barnacled rune of Zot
 45229 | Elf:1    | Entered Level 1 of the Elven Halls
 45293 | Elf:1    | Found Huomeos's Jewellery Boutique.
 45296 | Elf:1    | Found a runed translucent door.
 45304 | Elf:1    | Noticed Peiz's ghost (veteran FoFi)
 45406 | Elf:1    | Found Celemod's Antique Weapon Emporium.
 45841 | Elf:1    | Found Goschu's Jewellery Boutique.
 46983 | Elf:1    | Found a runed translucent gate.
 46983 | Elf:1    | Found a runed translucent gate.
 46983 | Elf:1    | Found a runed translucent gate.
 46983 | Elf:1    | Found a runed translucent gate.
 46983 | Elf:1    | Found a runed translucent gate.
 46987 | Elf:1    | Found a runed translucent gate.
 47687 | Elf:2    | Found Yjus's Book Shop.
 48048 | Elf:2    | Reached skill level 5 in Armour
 48679 | Elf:2    | Found a huge runed translucent gate.
 48680 | Elf:2    | Found a huge runed translucent gate.
 48680 | Elf:2    | Found a huge runed translucent gate.
 48681 | Elf:2    | Found a huge runed translucent gate.
 48681 | Elf:2    | Found a huge runed translucent gate.
 49523 | Elf:2    | Noticed a deep elf blademaster
 49532 | Elf:2    | Killed a deep elf blademaster
 50296 | Vaults:1 | Entered Level 1 of the Vaults
 51018 | Vaults:1 | Reached skill level 1 in Axes
 51019 | Vaults:1 | Reached XP level 20. HP: 73/103 MP: 19/37
 51575 | Vaults:1 | Reached skill level 19 in Air Magic
 52729 | Vaults:2 | You fall through a shaft!
 53053 | Vaults:3 | Noticed a lich
 55326 | Vaults:2 | Found a staircase to the Crypt.
 55795 | Vaults:2 | Reached skill level 10 in Dodging
 56338 | Vaults:3 | Reached XP level 21. HP: 108/108 MP: 33/39
 57366 | Vaults:3 | Found a runed translucent door.
 57366 | Vaults:3 | Noticed Wahll's ghost (adept MiBe)
 57378 | Vaults:3 | Killed Wahll's ghost
 57589 | Vaults:3 | Noticed a lich
 57692 | Vaults:3 | Killed a lich
 57976 | Vaults:4 | Reached skill level 20 in Air Magic
 59285 | Vaults:4 | Identified the cursed +2 morningstar of Fundamental Breach
                  | {venom, Int+4 Stlth+}
 61571 | Vaults:4 | Reached XP level 22. HP: 85/113 MP: 17/40
 62495 | Crypt:1  | Entered Level 1 of the Crypt
 62917 | Crypt:1  | Noticed Margery
 63092 | Crypt:1  | Killed Margery
 63548 | Crypt:1  | Noticed Xtahua
 63554 | Crypt:1  | Killed Xtahua
 66052 | Crypt:3  | Entered Level 3 of the Crypt
 66060 | Crypt:3  | Reached skill level 21 in Air Magic
 66253 | Crypt:3  | Reached skill level 15 in Spellcasting
 67245 | Crypt:3  | Noticed a bone dragon
 67260 | Crypt:3  | Killed a bone dragon
 68270 | Crypt:3  | Reached XP level 23. HP: 118/118 MP: 15/42
 68664 | Crypt:3  | Found a staircase to the Tomb.
 69209 | Crypt:3  | Noticed an ancient lich
 69217 | Crypt:3  | Killed an ancient lich
 70172 | Crypt:3  | Found an ancient bone altar of Kikubaaqudgha.
 70836 | Elf:3    | Entered Level 3 of the Elven Halls
 70939 | Elf:3    | Found an ancient bone altar of Kikubaaqudgha.
 70950 | Elf:3    | Found a frozen archway.
 71066 | IceCv    | Entered an ice cave
 72903 | Elf:3    | Found Yzuwaff's Weapon Shop.
 73067 | Elf:3    | Identified the +5 halberd of Wrongful Imprisonment {freeze,
                  | rC- Int+8}
 73911 | Elf:3    | Identified the +6 flail "Boamomm" {speed, *Contam +Blink
                  | rF+ Str+2}
 74250 | Elf:3    | Identified the ring "Imukupl Feept" {rCorr MR+ Str+5}
 74526 | Elf:3    | Identified the cursed +0 swamp dragon scales of Calculation
                  | {rPois rC- rN++}
 74750 | Elf:3    | Reached skill level 22 in Air Magic
 74981 | Elf:3    | Learned a level 3 spell: Regeneration
 75053 | Elf:3    | Identified the amulet "Arphiaboxt" {Faith +Blink}
 75160 | Elf:3    | Identified the +4 spear of the Shining Light {flame, Int+6}
 75412 | Elf:3    | Identified the Compendium of Fetching Sinister Rites
 75423 | Elf:3    | Identified the +1 pair of boots "Daka" {Slay+3} (You found
                  | it on level 3 of the Elven Halls)
 75705 | Elf:3    | Upgraded the game from 0.24-a0-140-gcaa6c10 to
                  | 0.24-a0-160-gfa3a8d6
 76341 | D:15     | Killed Roxanne
 76651 | D:15     | Found a staircase to the Depths.
 76708 | Depths:1 | Entered Level 1 of the Depths
 76820 | Depths:1 | Reached skill level 5 in Fighting
 77065 | Depths:1 | Found a runed translucent door.
 77139 | Depths:1 | Noticed Mara
 77207 | Depths:1 | Noticed Inarius's illusion
 77219 | Depths:1 | Killed Mara
 77219 | Depths:1 | Reached XP level 24. HP: 90/126 MP: 8/42
 77478 | Depths:1 | Found a gateway to Hell.
 78356 | Depths:2 | Noticed a caustic shrike
 78579 | Depths:2 | Killed a caustic shrike
 79294 | Depths:2 | Found a one-way gate leading to the halls of Pandemonium.
 79311 | Depths:2 | Found a one-way gate to the infinite horrors of the Abyss.
 81075 | Depths:3 | Found a shattered altar of Ashenzari.
 81076 | Depths:3 | Found a white marble altar of Elyvilon.
 81077 | Depths:3 | Found a radiant altar of Vehumet.
 81077 | Depths:3 | Found a basalt altar of Yredelemnul.
 81439 | Depths:3 | Noticed Mennas
 81975 | Depths:3 | Found Kacim's Weapon Shoppe.
 82586 | Depths:3 | Killed Mennas
 82980 | Depths:4 | Reached skill level 10 in Fighting
 83674 | Depths:4 | Reached XP level 25. HP: 142/142 MP: 24/43
 83900 | Depths:4 | Reached skill level 1 in Necromancy
 84047 | Depths:4 | Reached skill level 23 in Air Magic
 85678 | Depths:4 | Noticed a caustic shrike
 85684 | Depths:4 | Killed a caustic shrike
 85927 | Depths:4 | Noticed a juggernaut
 85958 | Depths:4 | Killed a juggernaut
 87097 | Depths:5 | Entered Level 5 of the Depths
 88037 | Depths:5 | Found a gateway to a ziggurat.
 88286 | Depths:5 | Found a gate to the Realm of Zot.
 89605 | Depths:5 | Reached XP level 26. HP: 156/156 MP: 24/44
 90088 | D:15     | Bought a pair of embroidered gloves for 262 gold pieces
 90202 | D:12     | Bought a pair of runed gloves for 180 gold pieces
 90315 | D:15     | Bought the +2 pair of boots of the Assassin {Detection
                  | Stab+ Stlth++} for 2100 gold pieces
 90315 | D:15     | Found the +2 pair of boots of the Assassin {Detection Stab+
                  | Stlth++}
 90478 | D:7      | Bought the ring "Kiraud" {rPois rC+ Dex+2} for 420 gold
                  | pieces
 90487 | D:7      | Bought a potion of brilliance for 52 gold pieces
 90487 | D:7      | Bought a potion of haste for 130 gold pieces
 90487 | D:7      | Bought a potion of curing for 39 gold pieces
 90487 | D:7      | Bought a potion of magic for 104 gold pieces
 90636 | Spider:4 | Entered Level 4 of the Spider Nest
 92275 | Spider:4 | Noticed Bai Suzhen
 92293 | Spider:4 | Killed Bai Suzhen
 93274 | D:12     | Bought an uncursed ring of see invisible for 210 gold
                  | pieces
 94450 | Spider:4 | Got a gossamer rune of Zot
 94944 | Vaults:5 | Entered Level 5 of the Vaults
 94950 | Vaults:5 | Reached skill level 24 in Air Magic
 95936 | Vaults:5 | Reached XP level 27. HP: 140/164 MP: 33/44
 96133 | Vaults:5 | Reached skill level 15 in Fighting
 96863 | Vaults:5 | Got a heavily runed turquoise ring
 97095 | Vaults:5 | Identified the ring of a Hundred Wars {rF+ rC- Str+7 Int+4
                  | SInv} (You took it off an orc on level 5 of the Vaults)
 97478 | Vaults:5 | Identified the cursed +0 spear "Fosenk" {venom, Str+4} (You
                  | found it on level 5 of the Vaults)
 97661 | Vaults:5 | Identified the +3 ring mail of Untruth {rF++} (You found it
                  | on level 5 of the Vaults)
 98219 | Vaults:5 | Found the +5 demon whip "Spellbinder" {antimagic, MR+}
 98220 | Vaults:5 | Identified the Handbook of Earthen Hexes
 98231 | Vaults:5 | Identified the +1 short sword of Beriuded {drain, Str+2}
                  | (You found it on level 5 of the Vaults)
 98653 | Vaults:5 | Got a silver rune of Zot
 98799 | Vaults:5 | Identified the +7 plate armour of Vehumet {-Tele rC+++
                  | rCorr Slay+4} (You found it on level 5 of the Vaults)
 99169 | Slime:1  | Entered Level 1 of the Pits of Slime
 99859 | Slime:4  | Reached skill level 25 in Air Magic
 99867 | Slime:5  | Entered Level 5 of the Pits of Slime
100689 | Slime:5  | Noticed the Royal Jelly
100924 | Slime:5  | Killed the Royal Jelly
100930 | Slime:5  | HP: 2/166 [azure jelly[the Royal Jelly] (13)]
100930 | Slime:5  | Mangled by an azure jelly

Levels and vault maps discovered:
D:1:      mrwooster_arrival_statue_3, layout_basic, hangedman_decor_riveting
D:2:      layout_basic, lemuel_crystal_altar, first_ration
D:3:      layout_basic, cheibriados_altar_1, minivault_26
D:4:      layout_loops_ring, minmay_temple_entry_statues
D:5:      layout_basic, nicolae_overflow_hidden_temple, gup_sewer_entry_spiral,
          serial_bayou_pond_b, uniq_eustachio
D:6:      layout_cave_pools, lemuel_crystal_altar, enter_ossuary_2,
          serial_shops, nicolae_shop_stone
D:7:      layout_basic, serial_shops, shop_fountains, kennysheep_little_box,
          nicolae_shop_temple_entry_statues_fountains, shop_statue,
          kennysheep_mini, serial_rivers, chequers_serial_rivers_micro_d,
          chequers_serial_rivers_small_3, chequers_serial_rivers_micro_a,
          chequers_serial_rivers_micro_a, chequers_serial_rivers_small_3
D:8:      layout_gridville, lair_entry_dummy, uniq_pikel, uniq_maurice,
          uniq_harold
D:9:      layout_irregular_city, chequers_temple_overflow_statue_of_worship,
          orc_0_dummy, grunt_pizzeria, hangedman_misty_isle, uniq_joseph
D:10:     layout_rooms
D:11:     layout_cave_pools, item_on_display_a
D:12:     layout_roguey, serial_shops, shop, shop, shop_statue, shop, drop_trap,
          evilmike_minifort, uniq_snorg
D:13:     layout_cross
D:14:     layout_irregular_city, ximxim_vaults_locker_room,
          nicolae_gozag_cash_rules_everything_around_me, hangedman_aviary
D:15:     grunt_enter_depths_snipers, layout_loops_ring, serial_shops, shop,
          fedhas_altar_1, nooodl_food_tri, uniq_roxanne
Temple:   eino_temple_scatter_basement
Lair:1:   lemuel_slime, layout_chaotic_city
Lair:2:   layout_long_grid, minmay_shoals_entry_beasts
Lair:3:   layout_small_grid, cheibrodos_lair_caveside_slide, grunt_megastairs_5
Lair:4:   layout_misc_corridors, nicolae_spider_entry_tight_spaces
Lair:5:   layout_small_grid
Lair:6:   cheibrodos_lair_end_hotspot, layout_loops_ring,
          nicolae_slime_entry_slimehenge, ebering_ghost_xom, st_stairs_13,
          grunt_forest_stairs_basic
Shoals:1: layout_shoals, nicolae_shoals_c_island
Shoals:2: layout_shoals, uniq_ilsuiw, uniq_polyphemus
Shoals:3: layout_shoals
Shoals:4: shoals_end_simple, layout_shoals, nicolae_shoals_seven_spires,
          nicolae_shoals_siren_and_animal_friends
Spider:1: layout_spider_delve
Spider:2: mumra_spider_spiderweb
Spider:3: layout_spider_delve, uniq_kirke, uniq_asterion, uniq_arachne
Spider:4: floodkiller_spider_rune_tomb, drop_trap, uniq_bai_suzhen
Slime:1:  layout_caves, cheibrodos_slime_lost_civilization_4
Slime:2:  layout_caves, nicolae_slime_welcoming_committee
Slime:3:  layout_caves
Slime:4:  layout_caves
Slime:5
Orc:1:    layout_caves, basic_altar, abandoned_shop
Orc:2:    st_orc_mages, layout_caves, basic_altar, uniq_josephine, uniq_azrael
Elf:1:    layout_geoelf_octagon, ebering_ghost_reflecting_pool, serial_shops,
          nicolae_shop_waterfront, shop,
          nicolae_shop_competitors_out_of_business, orc_legates
Elf:2:    layout_geoelf_octagon, serial_shops, nicolae_shop_behind_doors
Elf:3:    minmay_elf_hall_dome, layout_loops_cross,
          portal_ice_cave_entry_pillars_three, serial_shops,
          nicolae_shop_window_shopping, basic_altar
Vaults:1: v_misc_23, vaults_dpeg_ring, ontoclasm_vaults_gateway,
          vaults_mumra_hex, nicolae_vaults_three_branches, st_more_cells,
          hangedman_vaults_maws, vaults_room_corners,
          nicolae_vaults_specimen_jars, grunt_vaults_focal,
          ontoclasm_vaults_spin, v_misc_9, vaults_mumra_chevron_long,
          vaults_mumra_chevron, nicolae_vaults_little_squares_4,
          ontoclasm_vaults_fault, nicolae_vaults_theta, layout_vaults_omnicross
Vaults:2: nicolae_vaults_mini_display_case, vaults_dpeg_diagonal,
          ontoclasm_vaults_eye, minmay_crypt_entry_skeletal_spiral, v_misc_11,
          nicolae_vaults_network_barrier, v_pattern_2,
          ontoclasm_vaults_ring_small, hangedman_vaults_impose,
          layout_vaults_ring
Vaults:3: gammafunk_vaults_ghost_grave, nicolae_vaults_stairing_the_circle,
          v_misc_27, ontoclasm_vaults_twist, kb_rosetta, hangedman_vaults_slice,
          ontoclasm_vaults_decontamination, hangedman_vaults_snaps,
          nicolae_vaults_diagonal_hallway_7, vaults_room_semicircle,
          vaults_room_corners, layout_vaults_chaotic_city
Vaults:4: v_misc_15, nicolae_vaults_twisting_passages, v_misc_13,
          special_room_vaults [special_room_orc], nicolae_vaults_circle_grid_b,
          v_misc_2, vaults_room_large_hall, nicolae_vaults_network_star,
          v_alt_pattern_3, nicolae_vaults_diagonal_hallway_6, v_misc_1,
          nicolae_vaults_big_angled_halls, layout_vaults_omnibox
Vaults:5
Crypt:1:  layout_gridlike, uniq_margery, uniq_xtahua
Crypt:2:  layout_rooms, serial_glass, glass_columns_c, glass_columns_c
Crypt:3:  cryptofortress_bobbens
Depths:1: layout_cave_pools, hell_entry, minmay_crystal_box, uniq_mara
Depths:2: minmay_open_boxes_in_corner, layout_honeycomb,
          abyss_entry_small_statue_room, rand_demon_pan_entry_3,
          minmay_misc_feat_ornament, hell_entry, st_stairs_9
Depths:3: minmay_the_grid_octo_triangle [minmay_the_grid_octo_shrine,
          minmay_the_grid_octo_prize_square_snowflake,
          minmay_the_grid_octo_focus], layout_honeycomb, grunt_mini_vestibule,
          rand_demon_pan_entry_7, serial_shops, nicolae_shop_crystal,
          hangedman_abyss_or_decor_lesser_grid, uniq_mennas
Depths:4: kennysheep_large_vault, layout_small_grid, abyss_entry,
          solitary_fountain, hell_entry, infiniplex_staircase_zigzag_3,
          roderic_lattice_octagonal_star
Depths:5: evilmike_zot_entry_argh, layout_cave_pools, enter_ziggurat_f,
          hell_entry, serial_sigils_hangedman_carve, columned_hall_lemuel,
          drop_trap
Sewer:    kennysheep_sewer_church
Ossuary:  ossuary_tomb_3
IceCv:    ice_cave_caverns_01

Skill      XL: |  1  2  3  4  5  6  7  8  9 10 11 12 13 14 15 16 17 18 19 20 21 22 23 24 25 26 27 |
---------------+----------------------------------------------------------------------------------+-----
Stealth        | 3 4 5 6 7 9 |  9.7
Air Magic      | 4 5 6 9 10 11 12 14 15 16 17 18 19 20 21 22 23 24 25 | 25.2
Short Blades   | 1 2 3 4 5 6 7 |  7.0
Conjurations   | 2 3 4 5 6 8 9 10 11 12 14 15 16 17 18 19 20 21 22 | 22.8
Spellcasting   | 3 4 5 6 7 9 10 11 12 13 14 15 16 17 | 17.0
Dodging        | 3 4 5 6 7 8 9 10 11 | 11.4
Armour         | 1 2 3 4 5 6 7 |  7.8
Fighting       | 1 2 3 4 5 10 13 14 15 | 15.3
Evocations     | 2 4 5 7 8 |  8.6
Shields        | 1 2 3 4 5 6 7 8 9 |  9.2
Summonings     | 1 3 5 6 7 |  7.0
Axes           | 1 2 |  2.2
Necromancy     | 2 |  2.7
Charms         | |  0.7

Action                   |  1- 3 |  4- 6 |  7- 9 | 10-12 | 13-15 | 16-18 | 19-21 | 22-24 | 25-27 || total
-------------------------+-------+-------+-------+-------+-------+-------+-------+-------+-------++-------
Melee: Unarmed           |     3 |       |       |       |       |       |       |       |       ||     3
       Dagger            |    56 |    54 |   101 |   187 |   208 |   193 |       |       |       ||   799
       Hand axe          |       |       |       |       |       |       |   202 |   140 |       ||   342
       Spear             |       |       |       |       |       |       |       |    46 |    98 ||   144
       Flail             |       |       |       |       |       |       |       |     3 |       ||     3
 Cast: Shock             |    58 |   114 |   272 |   265 |   223 |    27 |       |       |       ||   959
       Airstrike         |       |     1 |    16 |   138 |   274 |   227 |   108 |   316 |   202 ||  1282
       Lightning Bolt    |       |       |       |    51 |   289 |   388 |   424 |   433 |   324 ||  1909
       Summon Lightning  |       |       |       |       |     5 |   121 |   119 |   151 |   102 ||   498
       Orb of Destructio |       |       |       |       |     1 |     1 |    17 |    25 |    68 ||   112
       Spellforged Servi |       |       |       |       |       |       |    23 |    22 |    12 ||    57
       Regeneration      |       |       |       |       |       |       |       |     2 |     9 ||    11
       Tornado           |       |       |       |       |       |       |       |       |    21 ||    21
 Abil: Evoke Invisibilit |       |       |       |       |     1 |       |       |       |       ||     1
       Evoke Flight      |       |       |       |       |       |     4 |       |     2 |       ||     6
       Stop Flying       |       |       |       |       |       |     3 |       |     1 |       ||     4
Evoke: Wand              |       |       |       |    17 |    22 |    70 |     1 |    10 |    22 ||   142
  Use: Scroll            |       |     8 |     9 |    20 |     9 |     6 |    11 |     8 |     9 ||    80
       Potion            |       |       |     2 |     3 |     1 |     4 |       |     2 |     7 ||    19
 Stab: Sleeping          |     1 |     3 |     3 |     4 |     1 |     1 |       |     1 |       ||    14
       Distracted        |       |       |       |       |       |     7 |     2 |     8 |     3 ||    20
  Eat: Chunk             |    10 |    11 |    16 |    43 |    98 |    64 |    61 |    69 |    49 ||   421
       Ration            |       |       |       |       |       |       |       |     2 |       ||     2
Armor: Robe              |    20 |     8 |       |    76 |    56 |    67 |       |       |       ||   227
       Leather armour    |       |     3 |    34 |     5 |     3 |       |       |       |       ||    45
       Fire dragon scale |       |       |       |       |    54 |       |       |       |       ||    54
       Ring mail         |       |       |       |       |       |   115 |    71 |    84 |    93 ||   363
Dodge: Dodged            |    77 |    46 |   142 |   261 |   267 |   441 |   196 |   252 |   240 ||  1922
Block: Shield            |       |       |       |    24 |   205 |   150 |       |       |       ||   379
       Buckler           |       |       |       |       |       |   187 |   321 |   352 |   300 ||  1160
       Reflection        |       |       |       |       |       |    45 |    78 |    43 |    51 ||   217

Table legend:
 A = Non-vault XP
 B = Vault XP
 C = Vault XP percentage of total XP
 D = Non-vault monster count
 E = Vault monster count
 F = Vault count percentage of total count
                 A         B        C        D         E       F
            +---------+---------+-------+---------+---------+-------
      Total |  560610 |  642104 |  53.4 |    1541 |    1000 |  39.4
            +---------+---------+-------+---------+---------+-------
        D:1 |      54 |       0 |   0.0 |      30 |       0 |   0.0
        D:2 |      50 |       0 |   0.0 |      21 |       0 |   0.0
        D:3 |      86 |       0 |   0.0 |      23 |       0 |   0.0
        D:4 |     347 |       0 |   0.0 |      19 |       0 |   0.0
        D:5 |     494 |     279 |  36.1 |      15 |      11 |  42.3
        D:6 |    1007 |       0 |   0.0 |      17 |       0 |   0.0
        D:7 |    1608 |       0 |   0.0 |      24 |       0 |   0.0
        D:8 |    2083 |    2158 |  50.9 |      32 |       3 |   8.6
        D:9 |    3629 |    1606 |  30.7 |      35 |       8 |  18.6
       D:10 |    2854 |       0 |   0.0 |      38 |       0 |   0.0
       D:11 |    4201 |       0 |   0.0 |      38 |       0 |   0.0
       D:12 |    8120 |    4147 |  33.8 |      49 |      13 |  21.0
       D:13 |    6073 |       0 |   0.0 |      34 |       0 |   0.0
       D:14 |    6421 |   12254 |  65.6 |      40 |      20 |  33.3
       D:15 |   16573 |    6898 |  29.4 |      62 |      10 |  13.9
     Lair:1 |    1774 |     809 |  31.3 |      10 |      18 |  64.3
     Lair:2 |     902 |    1168 |  56.4 |       4 |       4 |  50.0
     Lair:3 |    5906 |     844 |  12.5 |      26 |       4 |  13.3
     Lair:4 |    5648 |    1780 |  24.0 |      20 |       7 |  25.9
     Lair:5 |    8530 |       0 |   0.0 |      35 |       0 |   0.0
     Lair:6 |   13094 |    8145 |  38.3 |      37 |      32 |  46.4
   Shoals:1 |   16543 |     830 |   4.8 |      36 |       1 |   2.7
   Shoals:2 |   10104 |    9216 |  47.7 |      22 |       9 |  29.0
   Shoals:3 |   17918 |     785 |   4.2 |      37 |       2 |   5.1
   Shoals:4 |   10336 |   23156 |  69.1 |      25 |      43 |  63.2
   Spider:1 |    7041 |       0 |   0.0 |      25 |       0 |   0.0
   Spider:2 |    8385 |    6094 |  42.1 |      28 |      24 |  46.2
   Spider:3 |   16387 |    7498 |  31.4 |      45 |       7 |  13.5
   Spider:4 |   11364 |   40614 |  78.1 |      36 |      72 |  66.7
    Slime:1 |    3468 |       0 |   0.0 |       2 |       0 |   0.0
    Slime:2 |   14464 |     262 |   1.8 |      23 |       7 |  23.3
    Slime:3 |    5336 |       0 |   0.0 |       6 |       0 |   0.0
    Slime:4 |   14315 |    1774 |  11.0 |      22 |       1 |   4.3
    Slime:5 |   10375 |   30563 |  74.7 |      11 |      10 |  47.6
      Orc:1 |    1434 |    1568 |  52.2 |      24 |       5 |  17.2
      Orc:2 |    2269 |    7990 |  77.9 |      40 |      47 |  54.0
      Elf:1 |   10201 |   14413 |  58.6 |      25 |      32 |  56.1
      Elf:2 |   12240 |   23255 |  65.5 |      22 |      33 |  60.0
      Elf:3 |   10937 |   34160 |  75.7 |      21 |      27 |  56.2
   Vaults:1 |    9224 |   17681 |  65.7 |      28 |      27 |  49.1
   Vaults:2 |   15794 |   20430 |  56.4 |      26 |      37 |  58.7
   Vaults:3 |   36529 |   19566 |  34.9 |      81 |      27 |  25.0
   Vaults:4 |   30607 |   36661 |  54.5 |      60 |      72 |  54.5
   Vaults:5 |   24752 |  101299 |  80.4 |      37 |      82 |  68.9
    Crypt:1 |   31731 |   10287 |  24.5 |      53 |       8 |  13.1
    Crypt:2 |   17017 |       0 |   0.0 |      31 |       0 |   0.0
    Crypt:3 |       0 |   58936 | 100.0 |       0 |      91 | 100.0
   Depths:1 |    9089 |    6414 |  41.4 |      13 |       1 |   7.1
   Depths:2 |   19596 |   16287 |  45.4 |      25 |      15 |  37.5
   Depths:3 |   21256 |   24259 |  53.3 |      26 |      26 |  50.0
   Depths:4 |   38431 |   61219 |  61.4 |      58 |      45 |  43.7
   Depths:5 |   34013 |   15337 |  31.1 |      44 |      12 |  21.4
      Sewer |       0 |     606 | 100.0 |       0 |      32 | 100.0
    Ossuary |       0 |     154 | 100.0 |       0 |      16 | 100.0
      IceCv |       0 |   10702 | 100.0 |       0 |      59 | 100.0
            +---------+---------+-------+---------+---------+-------
